AoeStats
← ramirezalex13

Socotra

506695646Analyzed
3v3 RM · 17d ago on Sep 14, 2026· 48m 4s· 6 players
Game mode
Random Map
Map size
128×128
Population
200
Speed
Normal
Resources
Standard
Victory
Conquest
Starting age
Dark Age
Ending age
Imperial Age
RankedLock teamsTeams togetherTeam positionsShared explorationLock speedFull tech treeHidden civsTurbo modeCheats
Victory
Defeat
🇩🇪 Turks · Germany
1220
+13
🇩🇪 Portuguese · Germany
1128
+17
🇩🇪 Japanese · Germany
998
+22
🇩🇪 Vietnamese · Germany
1301
-23
🇲🇽 Franks · Mexico
1133
-17
🇩🇪 Huns · Germany
1019
-12
massimo_oddo
1:50 Loom
3:52 Loom
9:35 Feudal Age
10:12 Double-Bit Axe
21:49 Castle Age
20:36 Horse Collar
20:55 Gold Mining
23:20 Bow Saw
26:11 Padded Archer Armor
36:41 Imperial Age
36:09 Heavy Plow
36:46 Gold Shaft Mining
39:53 Elite Janissary
41:16 Leather Archer Armor
44:52 Wheelbarrow
47:33 Artillery
Arc Max
7:05 Loom
9:39 Feudal Age
12:03 Double-Bit Axe
13:47 Town Watch
17:02 Fletching
19:52 Castle Age
18:22 Padded Archer Armor
19:59 Elite Skirmisher
20:50 Bodkin Arrow
23:49 Forging
25:55 Leather Archer Armor
39:54 Ballistics
47:42 Thumb Ring
AirLuc
8:01 Loom
10:49 Feudal Age
11:21 Double-Bit Axe
21:42 Castle Age
20:17 Horse Collar
20:31 Stone Mining
21:47 Crossbowman
24:44 Forging
24:27 Fletching
24:39 Padded Archer Armor
25:49 Elite Skirmisher
25:55 Pikeman
26:39 Squires
27:21 Bow Saw
29:35 Scale Mail Armor
29:54 Heavy Plow
35:32 Yasama
40:13 Imperial Age
40:05 Chain Mail Armor
40:25 Iron Casting
40:07 Leather Archer Armor
40:49 Bodkin Arrow
41:31 Halberdier
45:45 Chemistry
44:57 Masonry
45:45 Plate Mail Armor
ramirezalex13
1:33 Loom
10:35 Feudal Age
11:05 Double-Bit Axe
12:40 Fletching
18:52 Forging
27:30 Castle Age
28:38 Bow Saw
30:38 Town Watch
31:04 Bodkin Arrow
37:54 Imperial Age
36:01 Gold Mining
38:10 Murder Holes
39:39 Chemistry
39:36 Cavalier
chessolymp
7:01 Loom
9:37 Feudal Age
10:39 Double-Bit Axe
14:17 Fletching
22:51 Castle Age
22:13 Padded Archer Armor
23:30 Bodkin Arrow
22:57 Crossbowman
24:40 Leather Archer Armor
25:47 Town Watch
29:21 Ballistics
33:46 Imperial Age
34:29 Bracer
36:37 Ring Archer Armor
36:18 Gold Mining
36:43 Arbalester
solmir
5:16 Loom
12:38 Feudal Age
12:59 Horse Collar
17:12 Scale Barding Armor
22:12 Castle Age
22:41 Fletching
24:05 Bodkin Arrow
24:40 Husbandry
25:09 Heavy Plow
24:57 Double-Bit Axe
28:19 Ballistics
30:22 Light Cavalry
31:47 Chain Barding Armor
32:14 Wheelbarrow
32:06 Bloodlines
36:57 Forging
43:47 Imperial Age
43:54 Cavalier
45:49 Plate Barding Armor
46:11 Conscription
Connection lost

Rejoining the realm…

Still unreachable

The connection could not be restored.

Session expired

The server has moved on; the page needs a fresh start.